 Dungeon Crawl Stone Soup version 0.30-b1-2-g02819fbbbe (webtiles) character file.

Game seed: 11141791999795308161

131430 nightchill the Scorcher (level 17, -8/108 HPs)
             Began as a Gargoyle Fire Elementalist on Dec 26, 2023.
             Was a High Priest of Vehumet.
             Mangled by a broodmother (10 damage)
             ... on level 1 of the Spider Nest on Jan 5, 2024.
             The game lasted 02:19:33 (39065 turns).

nightchill the Scorcher (GrFE)                     Turns: 39065, Time: 02:19:33

Health: -8/108     AC: 21    Str: 13    XL:     17   Next: 10%
Magic:  4/42       EV: 11    Int: 23    God:    Vehumet [*****.]
Gold:   1897       SH:  0    Dex:  6    Spells: 5/40 levels left

rFire   + + +        R - +4 lajatang of Ecsunipepu {speed, Drain rF++ Will+ rCorr}
rCold   + . .        (shield currently unavailable)
rNeg    + + .        n - +0 robe "Tiutside" {rCorr Dex-2 SInv}
rPois   ∞            p - +0 helmet
rElec   +            y - scarf "Faigosif" {rC+ rF+, rPois rN+ Will+}
rCorr   +            i - +0 pair of gloves
SInv    +            (no boots)
Will    +++..        (no amulet)
Stlth   ++           k - +4 ring of protection
HPRegen 0.38/turn    I - ring of magical power
MPRegen 0.28/turn

%: no passive effects
@: spiked, flying
A: sickness immunity, AC +12, big wings, negative energy resistance 1,
electricity resistance, torment resistance 1, petrification resistance, clumsy 1
a: Renounce Religion


You were on level 1 of the Spider Nest.
You worshipped Vehumet.
Vehumet was extremely pleased with you.
You visited 6 branches of the dungeon, and saw 28 of its levels.
You also visited: Ossuary.

You collected 2257 gold pieces.
You spent 360 gold pieces at shops.

Inventory:

Hand Weapons
 a - the +7 lajatang of Order {silver, rMut}
   (You acquired it on level 1 of the Spider Nest)

   rMut:      It protects you from mutation.
 F - a +2 dagger of electrocution
 R - the +4 lajatang of Ecsunipepu (weapon) {speed, Drain rF++ Will+ rCorr}
   (You acquired it on level 2 of the Lair of Beasts)

   rF:        It greatly protects you from fire.
   rCorr:     It protects you from acid and corrosion.
   Drain:     It drains your maximum health when unequipped.
   Will:      It increases your willpower.
 Z - a +2 dagger of venom
Missiles
 Y - 5 curare-tipped darts
Armour
 e - a +0 buckler
 i - a +0 pair of gloves (worn)
 n - the +0 robe "Tiutside" (worn) {rCorr Dex-2 SInv}
   (You found it on level 3 of the Dungeon)

   Dex:       It affects your dexterity (-2).
   SInv:      It lets you see invisible.
   rCorr:     It protects you from acid and corrosion.
 p - a +0 helmet (worn)
 u - a +1 robe of positive energy
 y - the scarf "Faigosif" (worn) {rC+ rF+, rPois rN+ Will+}
   (You acquired it on level 2 of the Lair of Beasts)

   rPois:     It protects you from poison.
   rN:        It protects you from negative energy.
   Will:      It increases your willpower.
 Q - the +3 hat of Pondering {ponderous, Will+ MP+10 Int+5}
   (You took it off Gastronok on level 1 of the Lair of Beasts)

   Int:       It affects your intelligence (+5).
   MP:        It affects your magic capacity (+10).
   Will:      It increases your willpower.
Jewellery
 k - a +4 ring of protection (left hand)
 D - a ring of see invisible
 I - a ring of magical power (right hand)
Wands
 q - a wand of polymorph (6)
 t - a wand of flame (35)
 v - a wand of charming (8)
 G - a wand of acid (5)
 N - a wand of digging (2)
 P - a wand of mindburst (3)
 V - a wand of roots (36)
Scrolls
 c - 4 scrolls of immolation
 f - 2 scrolls of amnesia
 g - 4 scrolls of noise
 h - 14 scrolls of teleportation
 o - 2 scrolls of brand weapon
 A - 4 scrolls of vulnerability
 B - 2 scrolls of poison
 H - a scroll of torment
 J - a scroll of fog
 K - 2 scrolls of silence
 L - 3 scrolls of fear
 S - 4 scrolls of butterflies
 T - 3 scrolls of magic mapping
 U - 4 scrolls of enchant weapon
 W - 3 scrolls of enchant armour
Potions
 b - 3 potions of magic
 d - a potion of invisibility {unknown}
 j - 7 potions of brilliance
 m - 3 potions of ambrosia
 r - 7 potions of mutation
 s - 6 potions of attraction
 x - 14 potions of curing
 z - 8 potions of might
 C - 4 potions of lignification
 M - a potion of berserk rage
 X - 5 potions of heal wounds


   Skills:
 + Level 13.0 Fighting
 + Level 12.9 Staves
 + Level 6.4 Armour
 - Level 1.8 Dodging
 - Level 2.5 Stealth
 + Level 12.3 Spellcasting
 - Level 12.0 Conjurations
 * Level 17.0 Fire Magic
 - Level 6.0 Poison Magic


You had 5 spell levels left.
You knew the following spells:

 Your Spells              Type           Power      Damage    Failure   Level
a - Foxfire               Conj/Fire      100%       2x1d9     0%          1
b - Flame Wave            Conj/Fire      69%        2d16      1%          4
c - Ignite Poison         Fire/Tmut/Pois 49%        N/A       1%          3
d - Olgreb's Toxic Radia  Pois           41%        N/A       1%          4
e - Sticky Flame          Conj/Fire      69%        2d8       1%          4
f - Fireball              Conj/Fire      34%        3d14      1%          5
g - Plasma Beam           Fire/Air       26%        2x1d42    5%          6
h - Ignition              Fire           37%        3d11      7%          8

Your spell library contained the following spells:

 Spells                   Type           Power      Damage    Failure   Level
 Scorch                   Fire           100%       2d9       0%          2
 Kiss of Death            Conj/Necr      100%       2d13      1%          1
 Shock                    Conj/Air       100%       1d9       1%          1
 Inner Flame              Hex/Fire       52%        N/A       1%          3
 Stone Arrow              Conj/Erth      82%        3d12      1%          3
 Volatile Blastmotes      Fire/Tloc      100%       2d18      1%          3
 Iskenderun's Battlesphe  Conj           62%        2d11      1%          5
 Summon Small Mammal      Summ           56%        N/A       4%          1
 Airstrike                Air            7%         2d(1-17)  12%         4
 Call Canine Familiar     Summ           14%        N/A       14%         3
 Confusing Touch          Hex            14%        N/A       14%         3
 Ozocubu's Armour         Ice            14%        N/A       14%         3
 Summon Guardian Golem    Hex/Summ       14%        N/A       14%         3
 Swiftness                Air            14%        N/A       14%         3
 Animate Armour           Summ/Erth      28%        N/A       41%         4
 Dispel Undead            Necr           14%        3d10      41%         4
 Blade Hands              Tmut           7%         N/A       77%         5
 Iron Shot                Conj/Erth      20%        9d5       16%         6
 Spellforged Servitor     Conj/Summ      20%        N/A       58%         7
 Lehudib's Crystal Spear  Conj/Erth      20%        10d6      99%         8
 Ozocubu's Refrigeration  Ice            7%         4d9       100%        7


Dungeon Overview and Level Annotations

Branches:
Dungeon (15/15)            Temple (0/1) D:5            Lair (5/5) D:9
  Swamp (3/4) Lair:3       Spider (2/4) Lair:2        Slime (0/5) Lair:4
    Orc (2/2) D:10            Elf (1/3) Orc:2        Vaults (0/5) D:14
Ossuary (visited)
 Depths: D:15

Altars:
Dithmenos
Hepliaklqana
Vehumet
Xom
Yredelemnul
Jiyva

Shops:
D:5 *   D:7 [   D:9 (   D:10 !   D:11 =   D:14 [   Orc:2 *?*=

Annotations:
D:3 1 runed translucent door
D:5 exclusion: statue
D:12 1 runed translucent door, exclusions: door and 2 downstairs, Dogoel's ghost, journeyman HOFi
D:13 exclusion: downstairs
D:14 exclusion: downstairs
D:15 !wraith
Lair:1 exclusion: 2 downstairs
Lair:5 exclusion: 2 doors
Swamp:2 exclusion: downstairs
Swamp:3 !tentacle mons * 2
Orc:2 exclusion: upstairs


Innate Abilities, Weirdness & Mutations

You are immune to sickness and miasma.
Your stone body is resilient. (AC +12)
You are immune to poison.
Your large and strong wings let you fly.
You resist negative energy. (rN+)
You are resistant to electric shocks. (rElec)
You are resistant to unholy torment.
You are immune to petrification.
You are clumsy. (Dex -2)


Message History

The steelbarb worm hits you.
* * * LOW HITPOINT WARNING * * *
Barbed spikes become lodged in your body.
The jumping spider leaps!
Casting: Flame Wave (safe; 1% risk of failure)
Confirm with . or Enter, or press ? or * to list all spells.
Casting: Ignition (dangerous; 7% risk of failure)
Press: ? - help, Dir - look around, f - activate The air bursts into flame!
The fireball engulfs the broodmother!
The broodmother is severely wounded.
The fireball engulfs the steelbarb worm!
The steelbarb worm resists.
The steelbarb worm is almost dead.
The fireball engulfs the jumping spider!
The jumping spider is almost dead.
The broodmother bites you.
* * * LOW HITPOINT WARNING * * *
A spider bursts forth from the wound!
The steelbarb worm hits you!
* * * LOW HITPOINT WARNING * * *
Barbed spikes become lodged in your body.
Casting: Ignition (dangerous; 7% risk of failure)
Confirm with . or Enter, or press ? or * to list all spells.
Casting: Ignition (dangerous; 7% risk of failure)
Press: ? - help, Dir - look around, f - activate The air bursts into flame!
The fireball engulfs the broodmother!!
The broodmother is almost dead.
The fireball engulfs the steelbarb worm!
The steelbarb worm resists.
You kill the steelbarb worm!
Vehumet accepts your kill.
You feel your power returning.
The fireball engulfs the jumping spider!!
You kill the jumping spider!
The jumping spider's corpse disappears in a puff of smoke!
The fireball engulfs the redback!!
The redback is severely wounded.
The fireball engulfs the redback!
The redback is almost dead.
The broodmother bites you!
You die...

#.#..##..#.#.......^.#....#.#.#..
###..#.#......#...####~##.#......
.....#...#..#.#.#....#.#.##....##
.....###...^..###...##..........#
.##..#....^#....###......^.###...
.#.#~##..#.###..#.#.....##...#..#
##.#.#...##~....^.##.##..#..##...
##.........##..#...###...#...###.
#...#..#..#≈..##@.##.#..##..##...
##..#..#..###.#s.†...##.#.....##^
....####..#..#..#.s...~≈#^#....##
..#.#..##....#..#..#.######..#.##
..###......#.#.##.....#.#^#.....#
#..###.....#~###..§.###.^.#.#....
#..#...##...##....#....^..###.#..
#.##...#...#≈##...#..°.#..##≈##~≈
###..#.##...~#..#.#.#..##...~####


You could see a broodmother and a redback (summoned).

Vanquished Creatures
  Gastronok (Lair:1)
  2 ghouls (Swamp:1)
  A broodmother (Spider:1)
  5 eleionomae
  A dire elephant (Lair:5)
  7 bunyips
  Snorg (D:14)
  An ettin (Orc:2)
  Josephine (D:14)
  A shambling mangrove (Swamp:2)
  11 hydras
  3 ghost crabs
  A vault guard (D:14)
  A radroach (Lair:2)
  4 centaur warriors
  A catoblepas (Lair:4)
  A death knight (D:14)
  A death yak (Lair:3)
  An alligator (Swamp:2)
  8 boulder beetles
  7 orc high priests
  A deep elf knight (Elf:1)
  3 skeletal warriors (D:15)
  4 skysharks
  A pharaoh ant (Spider:1)
  4 spriggan druids
  4 swamp dragons
  An orb spider (Lair:2)
  4 goliath frogs
  2 steelbarb worms
  2 wizards (D:14)
  Pikel (D:6)
  3 bog bodies
  An orc knight (Orc:1)
  7 wolf spiders
  2 deep elf zephyrmancers (Elf:1)
  3 ugly things
  6 deep elf pyromancers
  7 manticores
  4 orc sorcerers
  6 cyclopes
  17 elephants
  A moth of wrath (Spider:1)
  An elephant (shapeshifter) (D:13)
  A will-o-the-wisp (Swamp:1)
  2 black mambas
  7 demonic crawlers
  19 cane toads
  4 torpor snails
  An unseen horror (D:11)
  4 rime drakes
  5 komodo dragons
  2 efreet
  3 kobold demonologists
  2 tengu conjurers (D:14)
  A meliai (shapeshifter) (D:14)
  5 trolls
  2 polar bears
  3 meliai (Spider:1)
  9 hornets
  A bloated husk (Swamp:1)
  4 tyrant leeches
  10 tarantellas
  25 blink frogs
  Grinder (D:3)
  8 dream sheep
  5 slime creatures
  7 jumping spiders (Spider:1)
  A shadow (D:12)
  7 culicivoras
  34 yaks
  7 spriggans
  2 wyverns
  9 wraiths
  A golden eye (shapeshifter) (D:13)
  18 redbacks
  5 basilisks
  6 vampire mosquitoes
  3 wargs (Orc:2)
  8 swamp worms
  2 acid dragons
  Edmund (D:6)
  14 water moccasins
  3 ice beasts
  A swamp drake (Swamp:1)
  27 orc warriors
  4 black bears
  A sky beast (D:7)
  3 ogres
  7 wolves
  6 centaurs
  2 phantoms
  A lemure (D:6)
  11 kobold brigands
  9 bullfrogs
  5 gnoll sergeants
  2 scorpions
  10 wights
  17 killer bees
  2 howler monkeys
  2 electric eels
  3 centaur zombies (Ossuary)
  3 hounds
  15 jellies
  A gnoll bouda (D:4)
  3 human zombies (Ossuary)
  28 orc priests
  2 sleepcaps
  3 iguanas
  Jessica (D:3)
  Ijyb (D:3)
  32 orc wizards
  5 hell rats (Lair:3)
  A boggart simulacrum (D:14)
  2 mummies (Ossuary)
  18 gnolls
  6 river rats (Lair:3)
  10 adders
  6 white imps
  An ufetubus (D:5)
  4 dart slugs
  76 orcs
  8 endoplasms
  6 hobgoblins
  7 jackals
  3 quokkas
  10 ball pythons
  3 bats
  5 frilled lizards
  7 goblins
  A goblin zombie (Ossuary)
  11 hobgoblin zombies (Ossuary)
  5 jackal zombies
  13 kobolds
  9 kobold zombies (Ossuary)
  7 orc zombies (Ossuary)
  9 rats
  A butterfly (Lair:4)
833 creatures vanquished.

Vanquished Creatures (collateral kills)
  A foxfire (Lair:2)
1 creature vanquished.

Vanquished Creatures (others)
  A ghoul (Swamp:1)
  A bloated husk (Swamp:1)
  An orc (D:5)
  A bush (Lair:5)
  585 foxfires
  28 fungi
  52 plants
669 creatures vanquished.

Grand Total: 1503 creatures vanquished

Notes
Turn   | Place    | Note
-------+----------+-------------------------------------------
     0 | D:1      | nightchill the Gargoyle Fire Elementalist began the quest
                  | for the Orb.
     0 | D:1      | Reached XP level 1. HP: 10/10 MP: 3/3
   165 | D:1      | Reached XP level 2. HP: 15/15 MP: 3/5
  1146 | D:2      | Reached XP level 3. HP: 19/19 MP: 3/6
  1713 | D:2      | Found a faded altar of an unknown god.
  1721 | D:2      | Prayed at the altar of an unknown god.
  1721 | D:2      | Became a worshipper of Vehumet
  1721 | D:2      | Reached * piety under Vehumet
  1721 | D:2      | Offered knowledge of Sandblast by Vehumet.
  1924 | D:3      | Identified the +0 robe "Tiutside" {rCorr Dex-2 SInv}
  2136 | D:3      | Noticed Ijyb
  2225 | D:3      | Killed Ijyb
  2226 | D:3      | Reached XP level 4. HP: 24/24 MP: 4/7
  2312 | D:3      | Found a runed translucent door.
  2312 | D:3      | Noticed a human
  2314 | D:3      | Found a basalt altar of Yredelemnul.
  2473 | D:3      | Noticed Jessica
  2479 | D:3      | Killed Jessica
  2480 | D:3      | Reached skill level 4 in Fire Magic
  2480 | D:3      | Reached XP level 5. HP: 23/28 MP: 5/9
  2747 | D:3      | Identified the +2 mace "Guj Goin" {drain, rElec Dex+2}
  3016 | D:3      | Noticed Grinder
  3020 | D:3      | Paralysed by Grinder for 4 turns
  3030 | D:3      | Paralysed by Grinder for 4 turns
  3036 | D:3      | Killed Grinder
  3037 | D:3      | Reached skill level 5 in Fire Magic
  3037 | D:3      | Reached XP level 6. HP: 29/32 MP: 10/10
  3190 | D:3      | Reached ** piety under Vehumet
  3190 | D:3      | Offered knowledge of Freeze by Vehumet.
  3418 | D:4      | Reached XP level 7. HP: 28/36 MP: 12/12
  3676 | D:4      | Reached skill level 5 in Conjurations
  4989 | D:5      | Entered Level 5 of the Dungeon
  5031 | D:5      | Found a radiant altar of Vehumet.
  5076 | D:5      | Reached skill level 6 in Fire Magic
  5109 | D:5      | HP: 1/36 [orc priest/divine providence (13)]
  5119 | D:5      | Reached XP level 8. HP: 4/41 MP: 11/14
  5119 | D:5      | HP: 2/41 [white imp/puff of frost (2)]
  5457 | D:5      | Learned a level 4 spell: Flame Wave
  5479 | D:5      | Offered knowledge of Hailstorm by Vehumet.
  5535 | D:5      | Found a sand-covered staircase.
  5541 | Ossuary  | Entered an ossuary
  5642 | Ossuary  | Reached *** piety under Vehumet
  5796 | Ossuary  | Offered knowledge of Ignite Poison by Vehumet.
  5803 | Ossuary  | Reached skill level 7 in Fire Magic
  5891 | Ossuary  | Learned a level 3 spell: Ignite Poison
  5940 | D:5      | Found a staircase to the Ecumenical Temple.
  6192 | D:5      | Found Liugre's Assorted Antiques.
  6201 | D:5      | Bought a potion of heal wounds for 95 gold pieces
  6500 | D:6      | Noticed Edmund
  6512 | D:6      | Killed Edmund
  6513 | D:6      | Reached XP level 9. HP: 22/45 MP: 4/16
  6514 | D:6      | Reached skill level 5 in Spellcasting
  6682 | D:6      | Noticed Pikel
  6759 | D:6      | Killed Pikel
  6759 | D:6      | Reached **** piety under Vehumet
  6760 | D:6      | Reached skill level 8 in Fire Magic
  7233 | D:6      | Offered knowledge of Olgreb's Toxic Radiance by Vehumet.
  7317 | D:6      | Learned a level 4 spell: Olgreb's Toxic Radiance
  7590 | D:6      | Reached skill level 1 in Poison Magic
  7909 | D:7      | Reached skill level 1 in Fighting
  8439 | D:7      | Reached XP level 10. HP: 39/54 MP: 19/19
  8693 | D:7      | Found Coipn's Antique Armour Shop.
  8826 | D:7      | Found a hazy altar of Hepliaklqana.
  9238 | D:8      | Found a shadowy altar of Dithmenos.
  9459 | D:8      | Learned a level 4 spell: Sticky Flame
 10055 | D:9      | Reached skill level 5 in Poison Magic
 10427 | D:9      | Found a staircase to the Lair.
 10490 | D:9      | Found Pinlise's Weapon Boutique.
 10893 | D:10     | Entered Level 10 of the Dungeon
 10897 | D:10     | Reached skill level 5 in Fighting
 10897 | D:10     | Reached skill level 9 in Fire Magic
 10898 | D:10     | Reached XP level 11. HP: 56/63 MP: 18/21
 10991 | Lair:1   | Entered Level 1 of the Lair of Beasts
 11008 | Lair:1   | Noticed a boulder beetle
 11026 | Lair:1   | Killed a boulder beetle
 11026 | Lair:1   | Reached ***** piety under Vehumet
 11105 | Lair:1   | Offered knowledge of Fireball by Vehumet.
 11106 | Lair:1   | Reached skill level 10 in Conjurations
 11112 | Lair:1   | Learned a level 5 spell: Fireball
 11204 | Lair:1   | Noticed Gastronok
 11725 | Lair:1   | Reached skill level 10 in Fire Magic
 12047 | Lair:1   | HP: 2/64 [Gastronok/the air (38)]
 12313 | Lair:1   | Killed Gastronok
 12722 | Lair:2   | Reached XP level 12. HP: 39/71 MP: 17/24
 12977 | Lair:2   | Identified 2 scrolls of acquirement
 12991 | Lair:2   | Acquired the +4 lajatang of Ecsunipepu {speed, Drain rF++
                  | Will+ rCorr}
 12993 | Lair:2   | Acquired the scarf "Faigosif" {rC+ rF+, rPois rN+ Will+}
 13044 | Lair:2   | You fall into a shaft and drop 1 floor!
 13137 | Lair:2   | Reached skill level 1 in Staves
 13137 | Lair:2   | Reached skill level 11 in Fire Magic
 13522 | Lair:2   | Found a hole to the Spider Nest.
 14309 | Lair:3   | Noticed a death yak
 14316 | Lair:3   | Killed a death yak
 14843 | Lair:3   | Reached skill level 5 in Staves
 14993 | Lair:3   | Found a staircase to the Swamp.
 15032 | Lair:3   | Reached XP level 13. HP: 72/78 MP: 19/26
 15633 | Lair:4   | Offered knowledge of Orb of Destruction by Vehumet.
 16110 | Lair:4   | Reached skill level 12 in Fire Magic
 16242 | Lair:4   | Found a staircase to the Slime Pits.
 16243 | Lair:4   | Found a viscous altar of Jiyva.
 16879 | D:10     | Found Saofeuni's Distillery.
 16882 | D:10     | Bought a potion of heal wounds for 70 gold pieces
 17139 | D:10     | Found a shimmering altar of Xom.
 17278 | D:10     | Found a staircase to the Orcish Mines.
 18112 | Orc:1    | Entered Level 1 of the Orcish Mines
 18526 | Orc:2    | Entered Level 2 of the Orcish Mines
 18526 | Orc:2    | Noticed an ettin
 18531 | Orc:2    | Killed an ettin
 18582 | Orc:2    | Found a staircase to the Elven Halls.
 18588 | Orc:1    | Offered knowledge of Spellforged Servitor by Vehumet.
 19630 | Orc:1    | Gained mutation: Your large and strong wings let you fly.
                  | [Gargoyle growth]
 19630 | Orc:1    | Reached XP level 14. HP: 77/86 MP: 27/27
 19773 | Orc:2    | Reached skill level 13 in Fire Magic
 19901 | Orc:2    | Reached skill level 10 in Spellcasting
 20374 | Orc:2    | Found Gunuollu's Jewellery Shop.
 20374 | Orc:2    | Found Iciexas's Assorted Antiques.
 20374 | Orc:2    | Found Lufimit's Magic Scroll Boutique.
 20378 | Orc:2    | Found Erheabat's General Store.
 21131 | D:11     | Found Maniel's Jewellery Shop.
 21146 | D:11     | Reached skill level 10 in Fighting
 21231 | D:11     | Bought a ring of see invisible for 195 gold pieces
 22024 | D:12     | Found a runed translucent door.
 22024 | D:12     | Noticed Dogoel's ghost (journeyman HOFi)
 22173 | D:13     | Offered knowledge of Plasma Beam by Vehumet.
 22368 | D:12     | Learned a level 6 spell: Plasma Beam
 23891 | D:14     | Noticed Snorg
 23899 | D:14     | Killed Snorg
 23900 | D:14     | Reached skill level 10 in Staves
 24286 | D:14     | Noticed Josephine
 24300 | D:14     | Killed Josephine
 24477 | D:14     | Reached skill level 14 in Fire Magic
 24773 | D:14     | Found Jixilis's Armour Boutique.
 25417 | D:14     | Reached XP level 15. HP: 72/93 MP: 8/29
 25575 | D:14     | Found a gate to the Vaults.
 25711 | D:14     | Offered knowledge of Eringya's Noxious Bog by Vehumet.
 25859 | D:15     | Entered Level 15 of the Dungeon
 26570 | Spider:1 | Entered Level 1 of the Spider Nest
 27085 | Elf:1    | Entered Level 1 of the Elven Halls
 28017 | Swamp:1  | Entered Level 1 of the Swamp
 28422 | Lair:5   | Entered Level 5 of the Lair of Beasts
 28740 | Lair:5   | Reached skill level 1 in Armour
 28810 | Lair:5   | Reached skill level 15 in Fire Magic
 29816 | Lair:5   | Offered knowledge of Starburst by Vehumet.
 31720 | Swamp:1  | Reached XP level 16. HP: 86/101 MP: 31/31
 33012 | Swamp:1  | HP: 3/101 [spore (33)]
 33713 | Swamp:2  | Reached skill level 16 in Fire Magic
 33879 | Swamp:2  | Learned a level 8 spell: Ignition
 34239 | Swamp:1  | Reached skill level 5 in Armour
 34618 | Swamp:2  | Offered knowledge of Ozocubu's Refrigeration by Vehumet.
 35038 | Swamp:3  | Noticed a tentacled monstrosity
 35321 | Swamp:3  | Noticed a tentacled monstrosity
 36104 | Spider:1 | HP: 5/103 [radroach (33)]
 36134 | Lair:1   | Gained mutation: You are clumsy. (Dex -2) [mutagenic glow]
 38037 | Spider:1 | Reached XP level 17. HP: 61/108 MP: 20/33
 38163 | Spider:1 | Acquired the +7 lajatang of Order {silver, rMut}
 38163 | Spider:1 | Found the +7 lajatang of Order {silver, rMut}
 39056 | Spider:2 | Reached skill level 17 in Fire Magic
 39062 | Spider:1 | HP: 5/108 [broodmother (19)]
 39064 | Spider:1 | HP: 2/108 [steelbarb worm[a torpor snail] (16)]
 39065 | Spider:1 | Mangled by a broodmother

Illustrated notes

Levels and vault maps discovered:
D:1:      dpeg_arrival_windows_large_door, layout_basic
D:2:      layout_basic, ebering_ecumenical_altar_hall, dk_noncrumbling_4,
          serial_bayou_pond_e
D:3:      layout_basic, dk_yredelemnul_ordeal, uniq_grinder, uniq_jessica,
          uniq_ijyb
D:4:      layout_layer_cave
D:5:      layout_loops_cross, vehumet_statue, temple_pool_b, serial_shops, shop,
          enter_ossuary_3, minmay_misc_feat_four_crosses, minmay_strange_pillars
D:6:      layout_loops_corners, hangedman_decor_riveting, minmay_pentangle,
          uniq_edmund, uniq_pikel
D:7:      layout_basic, nzn_hepliaklqana_mist_gate, serial_shops,
          nicolae_shop_rolling_square
D:8:      layout_basic, old_standard_altar, hangedman_decor_clover_reticule
D:9:      layout_roguey, david_lair_shrubbed, serial_shops,
          nicolae_shop_window_shopping, hex_large, grunt_decor_arrowhead
D:10:     layout_basic, mainiacjoe_overflow_tiny_flanked,
          kennysheep_orc_monster_closet_entryway, serial_shops, kennysheep_mini,
          minmay_misc_feat_ornament, nzn_sisyphean_effort
D:11:     layout_cave_pools, serial_shops, shop, chequers_hall_statues_wall_a,
          kennysheep_big_empty_room
D:12:     layout_big_octagon, ebering_ghost_reflecting_pool,
          onia_ninara_dug_in_and_dangerous
D:13:     layout_basic, grunt_ministairs_6
D:14:     layout_gridville, david_vaults_5, kennysheep_cluttered_room,
          serial_shops, nicolae_shop_tiny_glass, uniq_josephine, uniq_snorg
D:15:     grunt_enter_depths_hoard, layout_basic, nicolae_wwwww
Lair:1:   layout_small_grid, beast_lair_carwin_3, uniq_gastronok
Lair:2:   layout_small_grid, spider_nest_entry_rubble, serial_bayou_pond_d,
          serial_bayou_shore_a, infiniplex_staircase_pool_2, grunt_megastairs_5
Lair:3:   layout_gridlike, swamp_mist, kennysheep_abandoned_house
Lair:4:   layout_loops_ring, minmay_slime_entry_jelly_boxes, lemuel_fruit_fields
Lair:5:   evil_forest, layout_concentric_octagons, hibernation_bobbens
Swamp:1:  layout_basic_swamp, evilmike_swamp_ruin_rubble_2,
          infiniplex_staircase_pool
Swamp:2:  layout_basic_swamp, evilmike_swamp_ruin_house_6
Swamp:3:  layout_basic_swamp, ebering_ghost_funeral_grove,
          nicolae_swamp_round_clearing, swamp_pool5, statue_in_the_mist_lemuel
Spider:1: layout_spider_delve, drop_trap, einodemon_crawler_minivault
Spider:2: cheibrodos_spider_silkery, uniq_frances
Orc:1:    layout_caves
Orc:2:    st_orc_mages, layout_caves
Elf:1:    minmay_elf_arrival_summoners, layout_loops_ring, evilmike_minifort,
          uniq_asterion

Skill      XL: |  1  2  3  4  5  6  7  8  9 10 11 12 13 14 15 16 17 |
---------------+----------------------------------------------------+-----
Conjurations   | 2 3 4 6 7 9 11 12 | 12.0
Fire Magic     | 4 5 6 7 8 9 10 11 12 14 15 16 17 | 17.0
Spellcasting   | 3 4 6 7 8 9 10 11 12 | 12.3
Poison Magic   | 3 6 |  6.0
Fighting       | 2 5 6 8 9 10 11 12 13 | 13.0
Staves         | 5 8 10 12 | 12.9
Armour         | 3 6 |  6.4
Dodging        | |  1.8
Stealth        | |  2.5

Action                     |  1- 3 |  4- 6 |  7- 9 | 10-12 | 13-15 | 16-18 || total
---------------------------+-------+-------+-------+-------+-------+-------++-------
  Melee: Unarmed           |    12 |       |       |       |       |       ||    12
         Dagger            |    18 |    15 |       |     7 |       |       ||    40
         Punch             |     1 |     1 |     2 |       |       |       ||     4
         Mace              |       |    43 |   330 |     3 |       |       ||   376
         Lajatang          |       |       |       |    65 |   312 |    30 ||   407
   Cast: Foxfire           |    61 |    30 |    89 |   117 |    22 |       ||   319
         Flame Wave        |       |       |    13 |    20 |    60 |    41 ||   134
         Ignite Poison     |       |       |       |    47 |   184 |     3 ||   234
         Olgreb's Toxic Ra |       |       |       |    41 |   139 |     5 ||   185
         Fireball          |       |       |       |    20 |    75 |   145 ||   240
         Sticky Flame      |       |       |       |     1 |     1 |       ||     2
         Plasma Beam       |       |       |       |       |    27 |    29 ||    56
         Ignition          |       |       |       |       |       |    13 ||    13
  Evoke: Wand              |       |       |     1 |       |       |       ||     1
    Use: Scroll            |       |       |    12 |    12 |    12 |     5 ||    41
         Potion            |       |       |     4 |     1 |     1 |     1 ||     7
   Stab: Sleeping          |       |     3 |     4 |     2 |     1 |       ||    10
 Armour: Robe              |    17 |    42 |   308 |   147 |   305 |   157 ||   976
         Skin              |     2 |       |       |       |       |       ||     2
  Dodge: Dodged            |    43 |    57 |   338 |   160 |   285 |   148 ||  1031
